 Dungeon Crawl Stone Soup version 0.31-a0-198-g2ad674f65e (webtiles) character file.

Game seed: 4986838058195864724

142 Lavandula the Chiller (level 5, 0/28 HPs)
             Began as a Deep Elf Ice Elementalist on June 25, 2023.
             Slain by a sleepcap (2 damage)
             ... on level 4 of the Dungeon.
             The game lasted 00:05:07 (1693 turns).

Lavandula the Chiller (Deep Elf Ice Elementalist)   Turns: 1693, Time: 00:05:08

Health: 0/28       AC:  3    Str:  5    XL:     5   Next: 4%
Magic:  6/11       EV: 12    Int: 22    God:
Gold:   74         SH:  0    Dex: 15    Spells: 3/10 levels left

rFire   . . .        o - staff of cold
rCold   + . .        (no shield)
rNeg    . . .        a - +0 robe
rPois   .            l - +0 helmet
rElec   .            (no cloak)
rCorr   .            (no gloves)
SInv    .            (no boots)
Will    .....        (no amulet)
Stlth   ++           (no ring)
HPRegen 0.24/turn    (no ring)
MPRegen 0.12/turn

%: no passive effects
@: freezing walls
A: no striking features
a: no special abilities


You were on level 4 of the Dungeon.
You visited 1 branch of the dungeon, and saw 3 of its levels.

You collected 74 gold pieces.

Inventory:

Hand Weapons
 f - a +0 vampiric dagger
Missiles
 e - 3 poisoned darts
Armour
 a - a +0 robe (worn)
 l - a +0 helmet (worn)
Magical Staves
 o - a staff of cold (weapon)
Scrolls
 d - a scroll of teleportation {unknown}
 k - a scroll of immolation {unknown}
 m - 2 scrolls of identify {unknown}
 r - a scroll of enchant weapon {unknown}
Potions
 b - a potion of magic
 c - a potion of might {unknown}
 g - a potion of resistance {unknown}
 h - a potion of heal wounds {unknown}
 i - a potion of enlightenment {unknown}
 j - a potion of curing {unknown}
 n - 3 potions of haste {unknown}
 p - a potion of attraction {unknown}


   Skills:
 + Level 1.9 Staves
 - Level 2.4 Dodging
 - Level 2.4 Stealth
 - Level 3.0 Spellcasting
 - Level 6.5 Ice Magic


You had 3 spell levels left.
You knew the following spells:

 Your Spells              Type           Power      Damage    Failure   Level
a - Freeze                Ice            100%       1d10      1%          1
b - Frozen Ramparts       Ice            96%        1d15      2%          3
c - Ozocubu's Armour      Ice            48%        N/A       2%          3

Your spell library contained the following spells:

 Spells                   Type           Power      Damage    Failure   Level
 Summon Ice Beast         Ice/Summ       26%        N/A       32%         4


Dungeon Overview and Level Annotations

Branches:
Dungeon (2/15)

Altars:
The Shining One


Message History

The sleepcap releases spores at you!
You are engulfed in a cloud of soporific spores!
You fall asleep.
The sleepcap releases spores at you!!
You wake up.
Ouch! That really hurt!
* * * LOW HITPOINT WARNING * * *
You are engulfed in a cloud of soporific spores!
You are unaffected.
Unknown command.
Casting: Freeze (safe; 1% risk of failure)
Confirm with . or Enter, or press ? or * to list all spells.
Okay, then.
Okay, then.
Press: ? - help, v - describe, . - travel
Here: a sleepcap (moderately damaged)
The floor.
Okay, then.
Okay, then.
Unknown command.
You aren't carrying any items that you can evoke.
Unknown command.
The sleepcap attacks as you move away! The sleepcap closely misses you.
Casting: Freeze (safe; 1% risk of failure)
Confirm with . or Enter, or press ? or * to list all spells.
Casting: Frozen Ramparts (dangerous; 2% risk of failure)
Press: ? - help, Dir - look around, f - activate You feel a surge of power!
The walls around you are covered in ice.
The wall freezes the sleepcap!
The sleepcap releases spores at you.
* * * LOW HITPOINT WARNING * * *
Unknown command.
Casting: Frozen Ramparts (dangerous; 2% risk of failure)
Confirm with . or Enter, or press ? or * to list all spells.
Aiming: Freeze (safe; 1% risk of failure)
Press: ? - help, Shift-Dir - straight line, f - sleepcap
Aim: a sleepcap (heavily damaged)
You feel a surge of power!
You freeze the sleepcap.
The sleepcap is severely damaged.
The wall freezes the sleepcap!
The sleepcap releases spores at you.
You die...

##....................
#.....................
##.................$..
#....................#
####.#..................#
#......................#
#..............)......##
###..#.##.#..#........###
.##...#.#+####..@f..###
.....##.....#...###..#
.....##.....##..# ##.#
......+.._......# ..#
.....##.....##..# ..#
......#.....#...# ...
.....####+###... .#
.>...## .#.. .......


You could see a sleepcap.

Vanquished Creatures
  A crimson imp (D:4)
  Terence (D:2)
  A gnoll (D:1)
  An adder (D:2)
  3 worms (D:2)
  4 dart slugs
  4 ball pythons
  An endoplasm (D:2)
  2 giant cockroaches
  5 goblins
  4 hobgoblins
  2 quokkas (D:1)
  5 bats
  2 frilled lizards
  A goblin skeleton (D:4)
  A goblin zombie (D:4)
  A hobgoblin zombie (D:4)
  4 kobolds
  A kobold skeleton (D:4)
  2 kobold zombies (D:4)
  An orc skeleton (D:4)
  5 rats
52 creatures vanquished.

Notes
Turn   | Place    | Note
-------+----------+-------------------------------------------
     0 | D:1      | Lavandula the Deep Elf Ice Elementalist began the quest for
                  | the Orb.
     0 | D:1      | Reached XP level 1. HP: 10/10 MP: 6/6
   245 | D:1      | Reached skill level 5 in Ice Magic
   245 | D:1      | Reached XP level 2. HP: 15/15 MP: 5/8
   400 | D:1      | Found a faded altar of an unknown god.
   598 | D:1      | Reached XP level 3. HP: 16/19 MP: 5/9
   661 | D:1      | Learned a level 3 spell: Frozen Ramparts
  1151 | D:2      | Noticed Terence
  1228 | D:2      | Reached skill level 6 in Ice Magic
  1384 | D:2      | Reached XP level 4. HP: 24/24 MP: 8/10
  1520 | D:2      | Killed Terence
  1578 | D:2      | You fall into a shaft and drop 2 floors!
  1618 | D:4      | Learned a level 3 spell: Ozocubu's Armour
  1620 | D:4      | Found a glowing golden altar of the Shining One.
  1629 | D:4      | Reached skill level 1 in Staves
  1638 | D:4      | Reached XP level 5. HP: 26/28 MP: 11/11
  1693 | D:4      | Slain by a sleepcap

Illustrated notes

Levels and vault maps discovered:
D:1:      psy_arrival_heroes, layout_loops_ring,
          shapermc_ecumenical_altar_acropolis, supply_closet_lemuel,
          nicolae_grassy_gnolls
D:2:      layout_rooms, minmay_worlds_worst_comb, uniq_terence
D:4:      layout_cave_pods, overflow_temple_1_default,
          nicolae_tso_besieged_by_evil, minmay_temple_entry_grid,
          dk_noncrumbling_4, serial_bayou_pond_c, hangedman_minor_gate_pass,
          uniq_grinder, uniq_sigmund

Skill      XL: |  1  2  3  4 |
---------------+-------------+-----
Ice Magic      | 5 6 |  6.5
Staves         | 1 |  1.9
Dodging        | |  2.4
Stealth        | |  2.4
Spellcasting   | |  3.0

Action                     |  1- 3 |  4- 6 || total
---------------------------+-------+-------++-------
  Melee: Dagger            |     6 |     1 ||     7
         Staff             |       |    38 ||    38
   Cast: Freeze            |    53 |    12 ||    65
         Frozen Ramparts   |     1 |     4 ||     5
 Armour: Robe              |     7 |    11 ||    18
  Dodge: Dodged            |    26 |    22 ||    48

Table legend: (Time is in decaauts)
 A = Elapsed time spent in this place.
 B = Non-inter-level travel time spent in this place.
 C = Inter-level travel time spent in this place.
 D = Time resting spent in this place.
 E = Time spent auto-exploring this place.
 F = Levels seen in this place.
 G = Mean time per level.
                   A        B        C        D        E       F      G
               +--------+--------+--------+--------+--------+-----+--------+
         Total |   1699 |   1624 |     75 |    126 |   1079 |   3 |  566.3 |
       Dungeon |   1699 |   1624 |     75 |    126 |   1079 |   3 |  566.3 |
               +--------+--------+--------+--------+--------+-----+--------+

Top non-repeatable levels by time:
     D:1: 1114 daAuts
     D:2: 465 daAuts
     D:4: 120 daAuts
